MapleLeafs vs Sabres

Created - Thursday, October 22, 2015 at 03:24

Goals
1 2 3 T
MapleLeafs 1 0 1 2
Sabres 0 1 0 1
Shots
1 2 3 T
MapleLeafs 8 13 9 30
Sabres 12 12 5 29

1st period

1. MapleLeafs , James Neal 2 (Alexander Steen, James van Riemsdyk) at 3:19 (PP)

Penalties :
David Perron (Buf) for Tripping (Minor) at 2:04, Drew Doughty (Tor) for Tripping (Minor) at 7:31, Dan Girardi (Tor) for High sticking (Minor) at 12:58, Drew Doughty (Tor) for Delaying the game (Minor) at 17:20

2nd period

2. Sabres , Dwight King 2 (Alec Martinez, Jay Bouwmeester) at 3:25 (SH)

Penalties :
Nikita Zadorov (Buf) for High sticking (Minor) at 1:51, Brandon Prust (Tor) for Hooking (Minor) at 8:07, Lee Stempniak (Tor) for Delaying the game (Minor) at 14:32, Steven Stamkos (Buf) for Interference (Minor) at 19:35, Matt Beleskey (Tor) for Roughing (Minor) at 19:39

3rd period

3. MapleLeafs , Marc-Edouard Vlasic 1 (Drew Doughty, Justin Williams) at 15:45 (PP)

Penalties :
David Perron (Buf) for Spearing (Major / Game Misconduct) at 2:56, Ryan Kesler (Buf) for Roughing (Minor) at 14:39, Drew Doughty (Tor) for Slashing (Double Minor) at 16:43

Goalie Stats

Cory Schneider (Tor), 28 saves from 29 shots - (0.966), W, 3-1-0, 60:00 minutes
Ondrej Pavelec (Buf), 28 saves from 30 shots - (0.933), L, 1-3-0, 58:38 minutes

Players Stats for MapleLeafs

Player Name              G  A  P  +/- PIM S  H  SB GA TA FO     MP     PP MP  PK MP  
------------------------------------------------------------------------------------
Alexander Steen          0  1  1   0  0   3  0  2  0  0  9/17   21:02   4:32   4:14 
Brandon Prust            0  0  0   0  2   0  1  0  0  0  0/0     8:27   0:44   0:08 
Brandon Sutter           0  0  0   0  0   0  1  0  1  0  7/20   16:30   0:00   8:49 
Carl Gunnarsson          0  0  0   0  0   1  0  4  0  0  0/0    14:32   0:00   3:52 
Dan Girardi              0  0  0   0  2   1  1  2  0  0  0/0    26:25   5:57   6:14 
Dominic Moore            0  0  0   0  0   2  2  3  1  1  0/0    16:30   0:00   8:49 
Drew Doughty             0  1  1   0  8   4  4  1  1  1  0/0    22:52   5:57   2:11 
James Neal               1  0  1   0  0   4  3  0  3  0  1/1    16:48   4:32   0:00 
James van Riemsdyk       0  1  1   0  0   4  3  0  1  0  0/2    15:31   4:55   0:00 
Justin Williams          0  1  1  -1  0   1  1  0  0  0  0/1    13:29   4:07   0:00 
Karl Alzner              0  0  0   0  0   1  0  3  0  5  0/0    19:49   0:00   6:32 
Lee Stempniak            0  0  0   0  2   1  0  2  1  1  0/0     8:01   0:46   0:04 
Marc-Edouard Vlasic      1  0  1  -1  0   1  0  1  0  3  0/0    24:27   3:26   7:41 
Matt Beleskey            0  0  0  -1  2   2  3  0  1  0  0/0    13:56   4:04   0:00 
Mikko Koivu              0  0  0  -1  0   0  3  0  2  0  4/8    17:45   4:28   3:52 
Morgan Rielly            0  0  0  -1  0   2  0  1  1  0  0/0    13:16   3:26   0:00 
Tomas Jurco              0  0  0   0  0   2  0  0  0  0  0/0     6:49   0:00   0:00 
Zack Smith               0  0  0   0  0   1  0  0  1  0  1/8     8:34   0:00   0:34 

Players Stats for Sabres

Player Name              G  A  P  +/- PIM S  H  SB GA TA FO     MP     PP MP  PK MP  
------------------------------------------------------------------------------------
Alec Martinez            0  1  1   1  0   3  1  0  0  0  0/0    23:22   5:16   4:41 
Alex Pietrangelo         0  0  0   0  0   2  4  0  0  2  0/0    27:17   7:59   4:42 
Benoit Pouliot           0  0  0   0  0   0  1  0  0  1  0/0    17:54   5:50   0:40 
Blake Wheeler            0  0  0   0  0   2  3  0  3  0  0/1    15:51   5:46   0:00 
Boyd Gordon              0  0  0   0  0   2  1  1  0  1  7/11   10:45   0:00   4:56 
Brooks Orpik             0  0  0   0  0   2  1  0  0  0  0/0    16:30   0:00   4:42 
Chris Higgins            0  0  0   0  0   2  1  0  1  0  0/0    10:45   0:00   4:56 
David Perron             0  0  0   0  17  3  0  0  0  0  0/0     7:11   0:00   0:00 
Dwight King              1  0  1   1  0   2  0  0  0  1  0/0    10:23   0:00   4:20 
Gustav Nyquist           0  0  0   0  0   1  0  0  1  0  1/4    19:21   7:29   0:00 
Jay Bouwmeester          0  1  1   1  0   0  0  1  1  2  0/0    23:37   5:16   4:41 
Matt Stajan              0  0  0   1  0   0  3  2  0  0  8/10   13:03   0:00   3:54 
Nikita Zadorov           0  0  0   0  2   0  2  0  0  0  0/0     9:19   0:00   0:00 
Pierre-Alexandre Parente 0  0  0   0  0   0  0  1  1  0  1/1     8:52   0:00   0:00 
Rasmus Ristolainen       0  0  0   0  0   3  1  2  0  2  0/0    20:08   7:59   0:00 
Ryan Kesler              0  0  0   0  2   3  5  0  2  1  7/12   17:23   5:46   0:00 
Sidney Crosby            0  0  0   0  0   1  2  0  1  0  10/17  19:01   7:25   0:00 
Steven Stamkos           0  0  0   0  2   3  1  0  5  0  1/1    17:55   7:29   0:00 

3 Stars

1 - Cory Schneider (Tor)
2 - James Neal (Tor)
3 - Dwight King (Buf)

Power Play

MapleLeafs - 2 on 5 Attempt(s) - 40.00%
Sabres - 0 on 8 Attempt(s) - 0.00%

Penalty Kill

MapleLeafs - 8 on 8 Attempt(s) - 100.00% - Score 0 goal in Penalty Kill
Sabres - 3 on 5 Attempt(s) - 60.00% - Score 1 goal in Penalty Kill

Team Stat

MapleLeafs - Hits : 22 - Faceoff Wins : 22 - Blocked Shots : 19 - Penalty Minutes : 16
Sabres - Hits : 26 - Faceoff Wins : 35 - Blocked Shots : 7 - Penalty Minutes : 23

Official

Referees : Unknown
Linesman : Unknown

Game Notes

David Perron ejected from game at 2:56 of 3rd period

Finance

Level 1 -- Attendance: 5509 (91.82%) -- Ticket Income $413,175
Level 2 -- Attendance: 5000 (100.00%) -- Ticket Income $225,000
Level 3 -- Attendance: 1890 (94.50%) -- Ticket Income $52,920
Level 4 -- Attendance: 4000 (100.00%) -- Ticket Income $60,000
Luxury Box -- Attendance: 1000 (100.00%) -- Ticket Income $175,000
Game was played at the HSBC Arena.
Total Attendance: 17399 (96.66%)
Total Ticket Income: $926,095
Other Income: $453,787
Total Income: $1,379,882

MapleLeafs

5 vs 5 Forward 
   Center                   Left Wing                Right Wing               Time % Phy DF OF 
 1 Alexander Steen          James van Riemsdyk       James Neal               35     1   1  3  
 2 Mikko Koivu              Matt Beleskey            Justin Williams          30     1   2  2  
 3 Brandon Sutter           Dominic Moore            Lee Stempniak            20     1   2  2  
 4 Zack Smith               Brandon Prust            Tomas Jurco              15     1   2  2  

5 vs 5 Defense 
   Defense                  Defense                                           Time % Phy DF OF 
 1 Drew Doughty             Dan Girardi                                       40     1   2  2  
 2 Marc-Edouard Vlasic      Karl Alzner                                       35     1   2  2  
 3 Morgan Rielly            Carl Gunnarsson                                   25     1   2  2  
 4 Drew Doughty             Dan Girardi                                       0      1   2  2  

PowerPlay Forward 
   Center                   Left Wing                Right Wing               Time % Phy DF OF 
 1 Alexander Steen          James van Riemsdyk       James Neal               60     0   1  4  
 2 Mikko Koivu              Matt Beleskey            Justin Williams          40     0   1  4  

PowerPlay Defense
   Defense                  Defense                                           Time % Phy DF OF 
 1 Drew Doughty             Dan Girardi                                       55     0   2  3  
 2 Marc-Edouard Vlasic      Morgan Rielly                                     45     0   2  3  

Penalty Kill 4 Players Forward 
   Center                   Wing                     Time % Phy DF OF 
 1 Brandon Sutter           Dominic Moore            60     0   5  0  
 2 Alexander Steen          Mikko Koivu              40     0   5  0  

Penalty Kill 4 Players Defense
   Defense                  Defense                  Time % Phy DF OF 
 1 Drew Doughty             Dan Girardi              55     0   5  0  
 2 Marc-Edouard Vlasic      Karl Alzner              45     0   5  0  

Penalty Kill - 3 Players Forward 
   Forward                                           Time % Phy DF OF 
 1 Brandon Sutter                                    60     0   5  0  
 2 Dominic Moore                                     40     0   5  0  

Penalty Kill - 3 Players Defense
   Defense                  Defense                  Time % Phy DF OF 
 1 Drew Doughty             Dan Girardi              60     0   5  0  
 2 Marc-Edouard Vlasic      Karl Alzner              40     0   5  0  

4 vs 4 Forward 
   Center                   Wing                     Time % Phy DF OF 
 1 Alexander Steen          James Neal               60     1   1  3  
 2 Mikko Koivu              James van Riemsdyk       40     1   1  3  

4 vs 4 Defense
   Defense                  Defense                  Time % Phy DF OF 
 1 Drew Doughty             Dan Girardi              60     1   2  2  
 2 Marc-Edouard Vlasic      Karl Alzner              40     1   2  2  

Last Minutes Offensive
   Center                   Left Wing                Right Wing               Defense                  Defense                  
   Alexander Steen          James van Riemsdyk       James Neal               Drew Doughty             Dan Girardi              

Last Minutes Defensive
   Center                   Left Wing                Right Wing               Defense                  Defense                  
   Alexander Steen          James van Riemsdyk       James Neal               Drew Doughty             Dan Girardi              

Goaltenders
Starting : Cory Schneider           
Backup : Scott Clemmensen         

Extra Forwards
Normal : Lee Stempniak, Matt Beleskey, Zack Smith - PP : Lee Stempniak, Matt Beleskey - PK : Zack Smith
Extra Defensemen
Normal : Morgan Rielly, Carl Gunnarsson, Marc-Edouard Vlasic - PP : Morgan Rielly - PK : Carl Gunnarsson, Marc-Edouard Vlasic
Penalty Shots
Alexander Steen, Mikko Koivu, James van Riemsdyk, Brandon Sutter, James Neal

Sabres

5 vs 5 Forward 
   Center                   Left Wing                Right Wing               Time % Phy DF OF 
 1 Sidney Crosby            Gustav Nyquist           Blake Wheeler            35     0   2  3  
 2 Ryan Kesler              Benoit Pouliot           Steven Stamkos           33     0   2  3  
 3 Matt Stajan              David Perron             Pierre-Alexandre Parentea20     1   2  2  
 4 Boyd Gordon              Chris Higgins            Dwight King              12     1   4  0  

5 vs 5 Defense 
   Defense                  Defense                                           Time % Phy DF OF 
 1 Alex Pietrangelo         Brooks Orpik                                      35     1   2  2  
 2 Jay Bouwmeester          Rasmus Ristolainen                                30     1   3  1  
 3 Nikita Zadorov           Alec Martinez                                     25     3   2  0  
 4 Alex Pietrangelo         Alec Martinez                                     10     0   2  3  

PowerPlay Forward 
   Center                   Left Wing                Right Wing               Time % Phy DF OF 
 1 Sidney Crosby            Gustav Nyquist           Steven Stamkos           57     0   0  5  
 2 Ryan Kesler              Benoit Pouliot           Blake Wheeler            43     0   1  4  

PowerPlay Defense
   Defense                  Defense                                           Time % Phy DF OF 
 1 Alex Pietrangelo         Rasmus Ristolainen                                57     0   1  4  
 2 Jay Bouwmeester          Alec Martinez                                     43     1   1  3  

Penalty Kill 4 Players Forward 
   Center                   Wing                     Time % Phy DF OF 
 1 Boyd Gordon              Chris Higgins            50     2   3  0  
 2 Matt Stajan              Dwight King              50     1   4  0  

Penalty Kill 4 Players Defense
   Defense                  Defense                  Time % Phy DF OF 
 1 Alex Pietrangelo         Brooks Orpik             50     1   3  1  
 2 Jay Bouwmeester          Alec Martinez            50     2   3  0  

Penalty Kill - 3 Players Forward 
   Forward                                           Time % Phy DF OF 
 1 Boyd Gordon                                       50     1   4  0  
 2 Matt Stajan                                       50     1   4  0  

Penalty Kill - 3 Players Defense
   Defense                  Defense                  Time % Phy DF OF 
 1 Alex Pietrangelo         Brooks Orpik             50     2   2  1  
 2 Jay Bouwmeester          Alec Martinez            50     2   2  1  

4 vs 4 Forward 
   Center                   Wing                     Time % Phy DF OF 
 1 Sidney Crosby            Steven Stamkos           57     0   2  3  
 2 Ryan Kesler              Gustav Nyquist           43     1   2  2  

4 vs 4 Defense
   Defense                  Defense                  Time % Phy DF OF 
 1 Alex Pietrangelo         Rasmus Ristolainen       57     1   2  2  
 2 Jay Bouwmeester          Alec Martinez            43     1   2  2  

Last Minutes Offensive
   Center                   Left Wing                Right Wing               Defense                  Defense                  
   Sidney Crosby            Gustav Nyquist           Steven Stamkos           Alex Pietrangelo         Rasmus Ristolainen       

Last Minutes Defensive
   Center                   Left Wing                Right Wing               Defense                  Defense                  
   Boyd Gordon              Chris Higgins            Blake Wheeler            Alex Pietrangelo         Brooks Orpik             

Goaltenders
Starting : Ondrej Pavelec           
Backup : Karri Ramo               

Extra Forwards
Normal : Gustav Nyquist, Ryan Kesler, Benoit Pouliot - PP : David Perron, Matt Stajan - PK : Benoit Pouliot
Extra Defensemen
Normal : Rasmus Ristolainen, Nikita Zadorov, Alec Martinez - PP : Nikita Zadorov - PK : Rasmus Ristolainen, Nikita Zadorov
Penalty Shots
Sidney Crosby, Steven Stamkos, Gustav Nyquist, Chris Higgins, Blake Wheeler

% Time on Ice - MapleLeafs

Lines # - Real PCT - Wanted PCT - Time Play
Normal Forward
1 - 36% - 35% - 12:44
2 - 27% - 30% - 9:25
3 - 18% - 20% - 6:29
4 - 19% - 15% - 6:49
Normal Defense
1 - 37% - 40% - 12:58
2 - 36% - 35% - 12:42
3 - 28% - 25% - 9:47
4 - 0% - 0% - 0:00
PP Forward
1 - 52% - 60% - 4:55
2 - 48% - 40% - 4:28
PP Defense
1 - 63% - 55% - 5:57
2 - 37% - 45% - 3:26
PK Forward
1 - 71% - 60% - 9:23
2 - 29% - 40% - 3:52
PK Defense
1 - 51% - 55% - 6:43
2 - 49% - 45% - 6:32
PK3 Forward
1 - 0% - 60%
2 - 0% - 40%
PK3 Defense
1 - 0% - 60%
2 - 0% - 40%
44 Forward
1 - 100% - 60% - 1:55
2 - 0% - 40% - 0:00
44 Defense
1 - 67% - 60% - 1:17
2 - 33% - 40% - 0:38
Last Minute Offensive  - 0:00
Last Minute Defensive  - 0:00
Total
Forward - 60:00
Defense - 60:00

% Time on Ice - Sabres

Lines # - Real PCT - Wanted PCT - Time Play
Normal Forward
1 - 29% - 35% - 10:21
2 - 29% - 33% - 10:25
3 - 25% - 20% - 8:52
4 - 16% - 12% - 5:49
Normal Defense
1 - 35% - 35% - 12:22
2 - 38% - 30% - 13:33
3 - 26% - 25% - 9:06
4 - 1% - 10% - 0:26
PP Forward
1 - 56% - 57% - 7:29
2 - 44% - 43% - 5:46
PP Defense
1 - 60% - 57% - 7:59
2 - 40% - 43% - 5:16
PK Forward
1 - 53% - 50% - 4:56
2 - 47% - 50% - 4:27
PK Defense
1 - 50% - 50% - 4:42
2 - 50% - 50% - 4:41
PK3 Forward
1 - 0% - 50%
2 - 0% - 50%
PK3 Defense
1 - 0% - 50%
2 - 0% - 50%
44 Forward
1 - 100% - 57% - 1:55
2 - 0% - 43% - 0:00
44 Defense
1 - 94% - 57% - 1:48
2 - 6% - 43% - 0:07
Last Minute Offensive  - 0:00
Last Minute Defensive  - 0:00
Total
Forward - 60:00
Defense - 60:00

Play by Play

1st period


0:01 of 1st period - Sidney Crosby wins face-off versus Alexander Steen in neutral zone.
0:26 of 1st period - Snap shot by James van Riemsdyk.
0:26 of 1st period - Stopped by Ondrej Pavelec with a rebound.
1:00 of 1st period - Marc-Edouard Vlasic is hit by Alex Pietrangelo.
1:13 of 1st period - Matt Beleskey is hit by Ryan Kesler.
1:25 of 1st period - Mikko Koivu is hit by Ryan Kesler.
1:57 of 1st period - Backhand shot by Lee Stempniak.
1:57 of 1st period - Deflect By Dominic Moore.
1:57 of 1st period - Shot Misses the Net.
1:57 of 1st period - Puck is out of play.
1:58 of 1st period - Brandon Sutter wins face-off versus Matt Stajan in Sabres zone.
2:04 of 1st period - Minor Penalty to David Perron for Tripping.
2:05 of 1st period - Boyd Gordon wins face-off versus Alexander Steen in Sabres zone.
2:31 of 1st period - Wrist shot by James Neal.
2:31 of 1st period - Deflect By James van Riemsdyk.
2:31 of 1st period - Deflect By Jay Bouwmeester.
2:31 of 1st period - Shot Misses the Net.
2:31 of 1st period - Puck is out of play.
2:32 of 1st period - Mikko Koivu wins face-off versus Boyd Gordon in Sabres zone.
2:57 of 1st period - Snap shot by Matt Beleskey.
2:57 of 1st period - Shot Misses the Net.
2:59 of 1st period - Slapshot by Morgan Rielly.
2:59 of 1st period - Stopped by Ondrej Pavelec without a rebound.
3:00 of 1st period - Alexander Steen wins face-off versus Boyd Gordon in Sabres zone.
3:19 of 1st period - Wrist shot by James Neal.
3:19 of 1st period - Goal by James Neal - MapleLeafs : 1 - Sabres : 0.
3:20 of 1st period - Sidney Crosby wins face-off versus Zack Smith in neutral zone.
3:51 of 1st period - Alec Martinez is hit by Brandon Prust and loses puck.
4:15 of 1st period - Snap shot by Drew Doughty.
4:15 of 1st period - Shot Misses the Net.
4:29 of 1st period - Slapshot by James Neal.
4:29 of 1st period - Shot Misses the Net.
4:31 of 1st period - Slapshot by Drew Doughty.
4:31 of 1st period - Stopped by Ondrej Pavelec with a rebound.
4:33 of 1st period - Backhand shot by James Neal.
4:33 of 1st period - Stopped by Ondrej Pavelec with a rebound.
5:08 of 1st period - Benoit Pouliot is hit by Drew Doughty and loses puck.
5:32 of 1st period - Snap shot by David Perron.
5:32 of 1st period - Shot Blocked by Karl Alzner.
5:34 of 1st period - Slapshot by Matt Stajan.
5:34 of 1st period - Deflect By Brandon Sutter.
5:34 of 1st period - Shot Blocked by Lee Stempniak.
5:34 of 1st period - Puck is out of play.
5:35 of 1st period - Matt Stajan wins face-off versus Brandon Sutter in MapleLeafs zone.
5:42 of 1st period - Snap shot by David Perron.
5:42 of 1st period - Stopped by Cory Schneider with a rebound.
5:44 of 1st period - Slapshot by Alex Pietrangelo.
5:44 of 1st period - Stopped by Cory Schneider without a rebound.
5:45 of 1st period - Matt Stajan wins face-off versus Brandon Sutter in MapleLeafs zone.
5:58 of 1st period - Wrist shot by David Perron.
5:58 of 1st period - Shot Misses the Net.
6:00 of 1st period - Snap shot by Pierre-Alexandre Parenteau.
6:00 of 1st period - Shot Blocked by Lee Stempniak.
6:02 of 1st period - Slapshot by David Perron.
6:02 of 1st period - Shot Blocked by Dominic Moore.
6:04 of 1st period - Slapshot by Alex Pietrangelo.
6:04 of 1st period - Shot Blocked by Morgan Rielly.
6:06 of 1st period - Slapshot by Alex Pietrangelo.
6:06 of 1st period - Shot Blocked by Carl Gunnarsson.
6:08 of 1st period - Slapshot by Alex Pietrangelo.
6:08 of 1st period - Stopped by Cory Schneider without a rebound.
6:09 of 1st period - Boyd Gordon wins face-off versus James van Riemsdyk in MapleLeafs zone.
6:45 of 1st period - Slapshot by James van Riemsdyk.
6:45 of 1st period - Stopped by Ondrej Pavelec with a rebound.
6:47 of 1st period - Slapshot by Marc-Edouard Vlasic.
6:47 of 1st period - Shot Blocked by Rasmus Ristolainen.
7:31 of 1st period - Minor Penalty to Drew Doughty for Tripping.
7:32 of 1st period - Sidney Crosby wins face-off versus Brandon Sutter in MapleLeafs zone.
7:36 of 1st period - Slapshot by Steven Stamkos.
7:36 of 1st period - Shot Hit the Post.
7:38 of 1st period - Wrist shot by Rasmus Ristolainen.
7:38 of 1st period - Shot Blocked by Dominic Moore.
7:40 of 1st period - Wrist shot by Gustav Nyquist.
7:40 of 1st period - Stopped by Cory Schneider with a rebound.
7:42 of 1st period - Slapshot by Rasmus Ristolainen.
7:42 of 1st period - Stopped by Cory Schneider without a rebound.
7:43 of 1st period - Brandon Sutter wins face-off versus Sidney Crosby in MapleLeafs zone.
9:00 of 1st period - Marc-Edouard Vlasic is hit by Blake Wheeler and loses puck.
9:15 of 1st period - Dominic Moore is hit by Alec Martinez and loses puck.
9:31 of 1st period - Penalty to Drew Doughty is over, Drew Doughty is back on ice.
10:04 of 1st period - Wrist shot by Tomas Jurco.
10:04 of 1st period - Shot Misses the Net.
10:25 of 1st period - Carl Gunnarsson is hit by Matt Stajan and loses puck.
10:46 of 1st period - Slapshot by Chris Higgins.
10:46 of 1st period - Stopped by Cory Schneider without a rebound.
10:47 of 1st period - Boyd Gordon wins face-off versus Mikko Koivu in MapleLeafs zone.
10:58 of 1st period - Snap shot by Chris Higgins.
10:58 of 1st period - Shot Blocked by Karl Alzner.
11:00 of 1st period - Slapshot by Brooks Orpik.
11:00 of 1st period - Stopped by Cory Schneider without a rebound.
11:01 of 1st period - Mikko Koivu wins face-off versus Sidney Crosby in MapleLeafs zone.
11:06 of 1st period - Wrist shot by Matt Beleskey.
11:06 of 1st period - Stopped by Ondrej Pavelec with a rebound.
11:29 of 1st period - Matt Beleskey is hit by Nikita Zadorov and loses puck.
11:54 of 1st period - Wrist shot by James van Riemsdyk.
11:54 of 1st period - Stopped by Ondrej Pavelec without a rebound.
11:55 of 1st period - Ryan Kesler wins face-off versus Alexander Steen in Sabres zone.
12:58 of 1st period - Minor Penalty to Dan Girardi for High sticking.
12:59 of 1st period - Sidney Crosby wins face-off versus Brandon Sutter in MapleLeafs zone.
13:14 of 1st period - Slapshot by Gustav Nyquist.
13:14 of 1st period - Shot Blocked by Dominic Moore.
13:16 of 1st period - Slapshot by Rasmus Ristolainen.
13:16 of 1st period - Stopped by Cory Schneider with a rebound.
13:18 of 1st period - Slapshot by Alex Pietrangelo.
13:18 of 1st period - Shot Misses the Net.
13:20 of 1st period - Snap shot by Rasmus Ristolainen.
13:20 of 1st period - Deflect By Karl Alzner.
13:20 of 1st period - Stopped by Cory Schneider without a rebound.
13:21 of 1st period - Brandon Sutter wins face-off versus Ryan Kesler in MapleLeafs zone.
13:26 of 1st period - Slapshot by Drew Doughty.
13:26 of 1st period - Shot Misses the Net.
13:40 of 1st period - Snap shot by Blake Wheeler.
13:40 of 1st period - Shot Hit the Post.
13:42 of 1st period - Wrist shot by Ryan Kesler.
13:42 of 1st period - Stopped by Cory Schneider without a rebound.
13:43 of 1st period - Alexander Steen wins face-off versus Gustav Nyquist in MapleLeafs zone.
13:54 of 1st period - Wrist shot by Steven Stamkos.
13:54 of 1st period - Deflect By Sidney Crosby.
13:54 of 1st period - Shot Misses the Net.
13:54 of 1st period - Puck is out of play.
13:55 of 1st period - Sidney Crosby wins face-off versus Brandon Sutter in MapleLeafs zone.
14:46 of 1st period - Rasmus Ristolainen is hit by Dominic Moore and loses puck.
14:58 of 1st period - Penalty to Dan Girardi is over, Dan Girardi is back on ice.
16:03 of 1st period - Marc-Edouard Vlasic is hit by Boyd Gordon and loses puck.
16:20 of 1st period - Chris Higgins is hit by Justin Williams and loses puck.
16:56 of 1st period - James van Riemsdyk is hit by Nikita Zadorov and loses puck.
17:20 of 1st period - Minor Penalty to Drew Doughty for Delaying the game.
17:21 of 1st period - Alexander Steen wins face-off versus Gustav Nyquist in MapleLeafs zone.
18:05 of 1st period - Dan Girardi is hit by Benoit Pouliot and loses puck.
18:38 of 1st period - Snap shot by Steven Stamkos.
18:38 of 1st period - Shot Blocked by Alexander Steen.
18:40 of 1st period - Wrist shot by Steven Stamkos.
18:40 of 1st period - Shot Blocked by Alexander Steen.
18:42 of 1st period - Slapshot by Alec Martinez.
18:42 of 1st period - Shot Blocked by Dan Girardi.
19:20 of 1st period - Penalty to Drew Doughty is over, Drew Doughty is back on ice.
19:44 of 1st period - Wrist shot by David Perron.
19:44 of 1st period - Stopped by Cory Schneider with a rebound.
19:46 of 1st period - Slapshot by Brooks Orpik.
19:46 of 1st period - Shot Blocked by Karl Alzner.
19:48 of 1st period - Slapshot by Brooks Orpik.
19:48 of 1st period - Stopped by Cory Schneider without a rebound.
19:49 of 1st period - Matt Stajan wins face-off versus Mikko Koivu in MapleLeafs zone.
Goals for this period are 1 for MapleLeafs vs 0 for Sabres.
Shots for this period are 8 for MapleLeafs vs 12 for Sabres.

2nd period


0:01 of 2nd period - Brandon Sutter wins face-off versus Sidney Crosby in neutral zone.
1:09 of 2nd period - Slapshot by Drew Doughty.
1:09 of 2nd period - Shot Misses the Net.
1:11 of 2nd period - Snap shot by Dan Girardi.
1:11 of 2nd period - Stopped by Ondrej Pavelec without a rebound.
1:12 of 2nd period - James Neal wins face-off versus Ryan Kesler in Sabres zone.
1:31 of 2nd period - Snap shot by James Neal.
1:31 of 2nd period - Shot Misses the Net.
1:33 of 2nd period - Snap shot by Drew Doughty.
1:33 of 2nd period - Deflect By Alexander Steen.
1:33 of 2nd period - Stopped by Ondrej Pavelec without a rebound.
1:34 of 2nd period - Matt Stajan wins face-off versus Zack Smith in Sabres zone.
1:44 of 2nd period - Wrist shot by Tomas Jurco.
1:44 of 2nd period - Stopped by Ondrej Pavelec with a rebound.
1:46 of 2nd period - Wrist shot by Zack Smith.
1:46 of 2nd period - Shot Misses the Net.
1:48 of 2nd period - Snap shot by Carl Gunnarsson.
1:48 of 2nd period - Stopped by Ondrej Pavelec without a rebound.
1:49 of 2nd period - Pierre-Alexandre Parenteau wins face-off versus Zack Smith in Sabres zone.
1:51 of 2nd period - Minor Penalty to Nikita Zadorov for High sticking.
1:52 of 2nd period - Matt Stajan wins face-off versus Alexander Steen in Sabres zone.
1:52 of 2nd period - Matt Stajan is hit by Drew Doughty.
2:33 of 2nd period - Chris Higgins is hit by James van Riemsdyk and loses puck.
2:54 of 2nd period - Morgan Rielly is hit by Alex Pietrangelo and loses puck.
3:15 of 2nd period - Slapshot by Matt Stajan.
3:15 of 2nd period - Shot Misses the Net.
3:23 of 2nd period - Slapshot by Jay Bouwmeester.
3:23 of 2nd period - Shot Misses the Net.
3:25 of 2nd period - Slapshot by Alec Martinez.
3:25 of 2nd period - Deflect By Dwight King.
3:25 of 2nd period - Goal by Dwight King - MapleLeafs : 1 - Sabres : 1.
3:26 of 2nd period - Alexander Steen wins face-off versus Matt Stajan in neutral zone.
3:41 of 2nd period - Wrist shot by James van Riemsdyk.
3:41 of 2nd period - Shot Blocked by Matt Stajan.
3:51 of 2nd period - Penalty to Nikita Zadorov is over, Nikita Zadorov is back on ice.
4:14 of 2nd period - Backhand shot by Dominic Moore.
4:14 of 2nd period - Stopped by Ondrej Pavelec with a rebound.
4:16 of 2nd period - Snap shot by Dominic Moore.
4:16 of 2nd period - Stopped by Ondrej Pavelec without a rebound.
4:17 of 2nd period - Sidney Crosby wins face-off versus Brandon Sutter in Sabres zone.
4:22 of 2nd period - Snap shot by Gustav Nyquist.
4:22 of 2nd period - Shot Misses the Net.
4:31 of 2nd period - Off-side.
4:32 of 2nd period - Ryan Kesler wins face-off versus Justin Williams in neutral zone.
4:49 of 2nd period - Wrist shot by Steven Stamkos.
4:49 of 2nd period - Stopped by Cory Schneider without a rebound.
4:50 of 2nd period - Mikko Koivu wins face-off versus Ryan Kesler in MapleLeafs zone.
6:15 of 2nd period - Slapshot by David Perron.
6:15 of 2nd period - Stopped by Cory Schneider with a rebound.
6:53 of 2nd period - Boyd Gordon is hit by Brandon Sutter and loses puck.
7:07 of 2nd period - Brooks Orpik is hit by Drew Doughty and loses puck.
7:18 of 2nd period - Snap shot by Dwight King.
7:18 of 2nd period - Stopped by Cory Schneider without a rebound.
7:19 of 2nd period - Ryan Kesler wins face-off versus Zack Smith in MapleLeafs zone.
7:20 of 2nd period - Snap shot by Steven Stamkos.
7:20 of 2nd period - Shot Misses the Net.
7:22 of 2nd period - Snap shot by Alec Martinez.
7:22 of 2nd period - Stopped by Cory Schneider without a rebound.
7:23 of 2nd period - Ryan Kesler wins face-off versus Zack Smith in MapleLeafs zone.
8:07 of 2nd period - Minor Penalty to Brandon Prust for Hooking.
8:08 of 2nd period - Brandon Sutter wins face-off versus Sidney Crosby in MapleLeafs zone.
8:17 of 2nd period - Brandon Sutter is hit by Steven Stamkos and loses puck.
9:08 of 2nd period - Drew Doughty is hit by Alex Pietrangelo and loses puck.
9:25 of 2nd period - Sidney Crosby is hit by Mikko Koivu and loses puck.
9:34 of 2nd period - Slapshot by Mikko Koivu.
9:34 of 2nd period - Shot Misses the Net.
10:07 of 2nd period - Penalty to Brandon Prust is over, Brandon Prust is back on ice.
10:39 of 2nd period - Morgan Rielly is hit by Alex Pietrangelo and loses puck.
10:50 of 2nd period - Snap shot by Brandon Prust.
10:50 of 2nd period - Shot Misses the Net.
10:52 of 2nd period - Slapshot by Morgan Rielly.
10:52 of 2nd period - Stopped by Ondrej Pavelec with a rebound.
11:06 of 2nd period - Matt Stajan is hit by Mikko Koivu and loses puck.
11:35 of 2nd period - Alec Martinez is hit by James Neal and loses puck.
11:48 of 2nd period - Wrist shot by Alexander Steen.
11:48 of 2nd period - Stopped by Ondrej Pavelec without a rebound.
11:49 of 2nd period - Alexander Steen wins face-off versus Boyd Gordon in Sabres zone.
11:56 of 2nd period - Snap shot by Alexander Steen.
11:56 of 2nd period - Deflect By James Neal.
11:56 of 2nd period - Shot Misses the Net.
11:56 of 2nd period - Puck is out of play.
11:57 of 2nd period - Boyd Gordon wins face-off versus Zack Smith in Sabres zone.
12:36 of 2nd period - Alex Pietrangelo is hit by Drew Doughty and loses puck.
12:43 of 2nd period - Wrist shot by James Neal.
12:43 of 2nd period - Deflect By James van Riemsdyk.
12:43 of 2nd period - Stopped by Ondrej Pavelec with a rebound.
12:45 of 2nd period - Snap shot by Alexander Steen.
12:45 of 2nd period - Stopped by Ondrej Pavelec without a rebound.
12:46 of 2nd period - Alexander Steen wins face-off versus Blake Wheeler in Sabres zone.
13:11 of 2nd period - Marc-Edouard Vlasic is hit by Blake Wheeler and loses puck.
13:40 of 2nd period - Mikko Koivu is hit by Ryan Kesler and loses puck.
14:12 of 2nd period - Slapshot by Matt Beleskey.
14:12 of 2nd period - Shot Blocked by Rasmus Ristolainen.
14:24 of 2nd period - Slapshot by Drew Doughty.
14:24 of 2nd period - Stopped by Ondrej Pavelec without a rebound.
14:25 of 2nd period - Boyd Gordon wins face-off versus Brandon Sutter in Sabres zone.
14:25 of 2nd period - Boyd Gordon is hit by Dominic Moore.
14:32 of 2nd period - Minor Penalty to Lee Stempniak for Delaying the game.
14:33 of 2nd period - Brandon Sutter wins face-off versus Gustav Nyquist in MapleLeafs zone.
14:44 of 2nd period - Wrist shot by Steven Stamkos.
14:44 of 2nd period - Shot Blocked by Drew Doughty.
15:39 of 2nd period - Wrist shot by Ryan Kesler.
15:39 of 2nd period - Deflect By Blake Wheeler.
15:39 of 2nd period - Stopped by Cory Schneider without a rebound.
15:40 of 2nd period - Brandon Sutter wins face-off versus Ryan Kesler in MapleLeafs zone.
16:01 of 2nd period - Snap shot by Ryan Kesler.
16:01 of 2nd period - Stopped by Cory Schneider with a rebound.
16:03 of 2nd period - Slapshot by Alec Martinez.
16:03 of 2nd period - Deflect By Mikko Koivu.
16:03 of 2nd period - Stopped by Cory Schneider without a rebound.
16:04 of 2nd period - Steven Stamkos wins face-off versus Brandon Sutter in MapleLeafs zone.
16:32 of 2nd period - Penalty to Lee Stempniak is over, Lee Stempniak is back on ice.
16:43 of 2nd period - Wrist shot by Blake Wheeler.
16:43 of 2nd period - Shot Misses the Net.
16:45 of 2nd period - Slapshot by Blake Wheeler.
16:45 of 2nd period - Shot Blocked by Marc-Edouard Vlasic.
17:10 of 2nd period - Brooks Orpik is hit by Matt Beleskey and loses puck.
17:24 of 2nd period - Karl Alzner is hit by Matt Stajan and loses puck.
17:51 of 2nd period - Wrist shot by James Neal.
17:51 of 2nd period - Stopped by Ondrej Pavelec without a rebound.
17:52 of 2nd period - Alexander Steen wins face-off versus Sidney Crosby in Sabres zone.
18:45 of 2nd period - Slapshot by Chris Higgins.
18:45 of 2nd period - Stopped by Cory Schneider with a rebound.
18:47 of 2nd period - Slapshot by Boyd Gordon.
18:47 of 2nd period - Stopped by Cory Schneider with a rebound.
18:49 of 2nd period - Slapshot by Rasmus Ristolainen.
18:49 of 2nd period - Shot Blocked by Carl Gunnarsson.
18:51 of 2nd period - Snap shot by Boyd Gordon.
18:51 of 2nd period - Stopped by Cory Schneider without a rebound.
18:52 of 2nd period - Zack Smith wins face-off versus Ryan Kesler in MapleLeafs zone.
18:57 of 2nd period - Snap shot by Drew Doughty.
18:57 of 2nd period - Stopped by Ondrej Pavelec without a rebound.
18:58 of 2nd period - Ryan Kesler wins face-off versus Zack Smith in Sabres zone.
19:21 of 2nd period - Slapshot by Steven Stamkos.
19:21 of 2nd period - Deflect By Ryan Kesler.
19:21 of 2nd period - Stopped by Cory Schneider with a rebound.
19:35 of 2nd period - Minor Penalty to Steven Stamkos for Interference.
19:36 of 2nd period - Mikko Koivu wins face-off versus Boyd Gordon in Sabres zone.
19:39 of 2nd period - Minor Penalty to Matt Beleskey for Roughing.
19:40 of 2nd period - Sidney Crosby wins face-off versus Alexander Steen in MapleLeafs zone.
Goals for this period are 0 for MapleLeafs vs 1 for Sabres.
Shots for this period are 13 for MapleLeafs vs 12 for Sabres.

3rd period


0:01 of 3rd period - Alexander Steen wins face-off versus Sidney Crosby in neutral zone.
0:50 of 3rd period - Drew Doughty is hit by Rasmus Ristolainen and loses puck.
1:16 of 3rd period - Wrist shot by James Neal.
1:16 of 3rd period - Shot Misses the Net.
1:35 of 3rd period - Penalty to Steven Stamkos is over, Steven Stamkos is back on ice.
1:38 of 3rd period - Wrist shot by Zack Smith.
1:38 of 3rd period - Stopped by Ondrej Pavelec with a rebound.
1:39 of 3rd period - Penalty to Matt Beleskey is over, Matt Beleskey is back on ice.
1:40 of 3rd period - Slapshot by Karl Alzner.
1:40 of 3rd period - Shot Misses the Net.
1:42 of 3rd period - Slapshot by Karl Alzner.
1:42 of 3rd period - Deflect By Alec Martinez.
1:42 of 3rd period - Stopped by Ondrej Pavelec with a rebound.
1:44 of 3rd period - Wrist shot by Lee Stempniak.
1:44 of 3rd period - Stopped by Ondrej Pavelec with a rebound.
1:46 of 3rd period - Slapshot by Karl Alzner.
1:46 of 3rd period - Shot Misses the Net.
2:02 of 3rd period - Snap shot by Matt Beleskey.
2:02 of 3rd period - Stopped by Ondrej Pavelec with a rebound.
2:54 of 3rd period - Backhand shot by Marc-Edouard Vlasic.
2:54 of 3rd period - Shot Blocked by Pierre-Alexandre Parenteau.
2:56 of 3rd period - Major / Game Misconduct Penalty to David Perron for Spearing.
2:56 of 3rd period - David Perron is ejected from game.
2:57 of 3rd period - Boyd Gordon wins face-off versus Alexander Steen in Sabres zone.
2:57 of 3rd period - Boyd Gordon is hit by James Neal.
3:03 of 3rd period - Dan Girardi is hit by Chris Higgins and loses puck.
3:30 of 3rd period - Alex Pietrangelo is hit by Matt Beleskey and loses puck.
3:35 of 3rd period - Slapshot by Justin Williams.
3:35 of 3rd period - Shot Misses the Net.
3:37 of 3rd period - Slapshot by Drew Doughty.
3:37 of 3rd period - Stopped by Ondrej Pavelec without a rebound.
3:38 of 3rd period - Matt Stajan wins face-off versus Mikko Koivu in Sabres zone.
3:55 of 3rd period - Snap shot by Mikko Koivu.
3:55 of 3rd period - Deflect By Justin Williams.
3:55 of 3rd period - Shot Blocked by Matt Stajan.
3:55 of 3rd period - Puck is out of play.
3:56 of 3rd period - Matt Stajan wins face-off versus James van Riemsdyk in Sabres zone.
4:09 of 3rd period - Alexander Steen is hit by Matt Stajan and loses puck.
4:52 of 3rd period - Chris Higgins is hit by James Neal.
5:09 of 3rd period - Brooks Orpik is hit by Dan Girardi and loses puck.
5:24 of 3rd period - Brooks Orpik is hit by Matt Beleskey and loses puck.
7:31 of 3rd period - Brooks Orpik is hit by James van Riemsdyk.
7:56 of 3rd period - Penalty to David Perron is over, Blake Wheeler is send on ice.
8:05 of 3rd period - Marc-Edouard Vlasic is hit by Brooks Orpik and loses puck.
8:24 of 3rd period - Carl Gunnarsson is hit by Blake Wheeler and loses puck.
8:53 of 3rd period - Karl Alzner is hit by Ryan Kesler and loses puck.
9:00 of 3rd period - Snap shot by Tomas Jurco.
9:00 of 3rd period - Stopped by Ondrej Pavelec with a rebound.
9:02 of 3rd period - Snap shot by Karl Alzner.
9:02 of 3rd period - Shot Misses the Net.
10:06 of 3rd period - Marc-Edouard Vlasic is hit by Sidney Crosby and loses puck.
10:13 of 3rd period - Wrist shot by Sidney Crosby.
10:13 of 3rd period - Stopped by Cory Schneider without a rebound.
10:14 of 3rd period - Alexander Steen wins face-off versus Sidney Crosby in MapleLeafs zone.
11:03 of 3rd period - Boyd Gordon is hit by Mikko Koivu and loses puck.
11:38 of 3rd period - Icing by Rasmus Ristolainen.
11:39 of 3rd period - Sidney Crosby wins face-off versus Brandon Sutter in Sabres zone.
12:13 of 3rd period - Icing by Dominic Moore.
12:14 of 3rd period - Ryan Kesler wins face-off versus Brandon Sutter in MapleLeafs zone.
13:21 of 3rd period - Matt Stajan is hit by James van Riemsdyk and loses puck.
14:39 of 3rd period - Minor Penalty to Ryan Kesler for Roughing.
14:40 of 3rd period - Boyd Gordon wins face-off versus Alexander Steen in Sabres zone.
14:49 of 3rd period - Wrist shot by James Neal.
14:49 of 3rd period - Shot Misses the Net.
15:07 of 3rd period - Wrist shot by James Neal.
15:07 of 3rd period - Stopped by Ondrej Pavelec without a rebound.
15:08 of 3rd period - Matt Stajan wins face-off versus Mikko Koivu in Sabres zone.
15:29 of 3rd period - Snap shot by Matt Beleskey.
15:29 of 3rd period - Shot Blocked by Boyd Gordon.
15:41 of 3rd period - Wrist shot by Justin Williams.
15:41 of 3rd period - Stopped by Ondrej Pavelec with a rebound.
15:43 of 3rd period - Slapshot by Drew Doughty.
15:43 of 3rd period - Shot Blocked by Jay Bouwmeester.
15:45 of 3rd period - Slapshot by Marc-Edouard Vlasic.
15:45 of 3rd period - Goal by Marc-Edouard Vlasic - MapleLeafs : 2 - Sabres : 1.
15:46 of 3rd period - Ryan Kesler wins face-off versus Alexander Steen in neutral zone.
16:43 of 3rd period - Double Minor Penalty to Drew Doughty for Slashing.
16:44 of 3rd period - Sidney Crosby wins face-off versus Brandon Sutter in MapleLeafs zone.
16:53 of 3rd period - Slapshot by Sidney Crosby.
16:53 of 3rd period - Shot Misses the Net.
16:55 of 3rd period - Wrist shot by Alec Martinez.
16:55 of 3rd period - Stopped by Cory Schneider without a rebound.
16:56 of 3rd period - Gustav Nyquist wins face-off versus Brandon Sutter in MapleLeafs zone.
17:03 of 3rd period - Wrist shot by Sidney Crosby.
17:03 of 3rd period - Deflect By Steven Stamkos.
17:03 of 3rd period - Stopped by Cory Schneider with a rebound.
17:05 of 3rd period - Snap shot by Jay Bouwmeester.
17:05 of 3rd period - Shot Blocked by Carl Gunnarsson.
17:07 of 3rd period - Snap shot by Sidney Crosby.
17:07 of 3rd period - Deflect By Steven Stamkos.
17:07 of 3rd period - Stopped by Cory Schneider with a rebound.
17:09 of 3rd period - Snap shot by Gustav Nyquist.
17:09 of 3rd period - Shot Blocked by Carl Gunnarsson.
17:45 of 3rd period - Dan Girardi is hit by Ryan Kesler and loses puck.
18:06 of 3rd period - Snap shot by Ryan Kesler.
18:06 of 3rd period - Deflect By Blake Wheeler.
18:06 of 3rd period - Shot Blocked by Dan Girardi.
18:06 of 3rd period - Puck is out of play.
18:07 of 3rd period - Sidney Crosby wins face-off versus Brandon Sutter in MapleLeafs zone.
18:38 of 3rd period - Sabres, Ondrej Pavelec is pulled from the net.
18:44 of 3rd period - Wrist shot by Blake Wheeler.
18:44 of 3rd period - Shot Misses the Net.
19:20 of 3rd period - Snap shot by Blake Wheeler.
19:20 of 3rd period - Stopped by Cory Schneider with a rebound.
19:58 of 3rd period - Alexander Steen is hit by Sidney Crosby and loses puck.
Goals for this period are 1 for MapleLeafs vs 0 for Sabres.
Shots for this period are 9 for MapleLeafs vs 5 for Sabres.